 Dungeon Crawl Stone Soup version 0.21-a0-440-g28109cb (webtiles) character file.

48 Ijustatesigmund the Charlatan (level 3, 0/25 HPs)
             Began as an Octopode Artificer on Nov 10, 2017.
             Succumbed to an adder's poison
             ... on level 1 of the Dungeon.
             The game lasted 00:02:21 (966 turns).

Ijustatesigmund the Charlatan (Octopode Artificer)   Turns: 966, Time: 00:02:21

Health: 0/25       AC:  1    Str: 11    XL:     3   Next: 72%
Magic:  5/5        EV: 12    Int: 13    God:
Gold:   58         SH:  3    Dex: 13    Spells: 2/2 levels left

rFire    . . .     SeeInvis .   a - +1 dagger (holy)
rCold    . . .     Gourm    .   g - +0 buckler
rNeg     . . .     Faith    .   (helmet restricted)
rPois    .         Spirit   .   (no amulet)
rElec    .         Reflect  .   (no ring)
rCorr    .         Harm     .   (no ring)
MR       .....                  (no ring)
Stlth    ++........             (no ring)
HPRegen  0.08/turn              (no ring)
MPRegen  0.09/turn              (no ring)
                                (no ring)
                                (no ring)

@: lethally poisoned (0 -> -1), hasted, drained, very quick
A: almost no armour, stealthy swim, amphibious, 8 rings, constrict 8, camouflage
1, gelatinous body 1
a: no special abilities


You were on level 1 of the Dungeon.
You were not hungry.

You visited 1 branch of the dungeon, and saw 2 of its levels.

You collected 58 gold pieces.

Inventory:

Hand Weapons
 a - a +1 dagger of holy wrath (weapon)
Armour
 g - a +0 buckler (worn)
Wands
 b - a wand of flame (15/48)
 c - a wand of enslavement (16/24)
 d - a wand of random effects (15/48)
Scrolls
 e - a scroll of teleportation
Potions
 h - a potion of haste
Comestibles
 f - a bread ration
 i - a royal jelly


   Skills:
 + Level 2.6(1.5) Fighting
 - Level 1.0(0.0) Short Blades
 - Level 2.0(0.9) Dodging
 - Level 1.3(0.3) Stealth
 + Level 2.0(0.9) Shields
 - Level 3.2(2.2) Evocations


You had 2 spell levels left.
You didn't know any spells.

Dungeon Overview and Level Annotations

Branches:
Dungeon (2/15)

Altars:


Innate Abilities, Weirdness & Mutations

You cannot wear most types of armour.
You are very stealthy in the water. (Stealth+)
You are amphibious.
You can wear up to eight rings at the same time.
You can use your tentacles to constrict eight enemies at once.
Your skin changes colour to match your surroundings (Stealth+).
Your rubbery body absorbs attacks. (AC +1, EV +1)


Message History

You feel sick.
You see here 9 gold pieces.
Okay, then.
A goblin comes into view. It is wielding a dagger.
* * * LOW HITPOINT WARNING * * *
You feel sick.
Evoke which item? (* to show all) (? for menu, Esc to quit)
Aiming: Enslavement
Press: ? - help, Shift-Dir - straight line, f - goblin
Aim: a goblin, wielding a club (chance to defeat MR: 69%)
The goblin is charmed.
This wand has 16 charges left.
Your goblin hits something with a club. Something barely misses your goblin.
Things that are here:
a club; a goblin skeleton
* * * LOW HITPOINT WARNING * * *
You feel sick.
There is a stone staircase leading up here.
You climb upwards.
There is a stone staircase leading down here.
You die...

#..............## #####
#.###.##...#.### ##.#.##
#.# #.##...#.# ##..(..##
#####.# #.##.#.#.#
##.......## ......#
#.##.#...####.........##
#####.#
#.##......##....≈≈≈....##
# #.#
#.#####...#....≈...≈....#
# #.#
#.###.........(≈.<.≈.....
# #.#
#.......@##....≈...≈....#
# #.#
#.###.#..###....≈≈≈....##
# #.###.###.#..#
##.........### #
#.......#.#.>##
###......## #
#####.#.......# #...#.##
# #.....##..# ##..### ##
#.#..###..# ####### #.
#.#..###..###.#### #.
#.#...........##.#######.


There were no monsters in sight!

Vanquished Creatures
  3 adders (D:2)
  An ooze (D:2)
  2 giant cockroaches
  2 goblins
  2 jackals (D:1)
  A kobold (D:1)
  2 ball pythons (D:1)
  3 bats
  2 frilled lizards
  A rat (D:1)
19 creatures vanquished.

Vanquished Creatures (others)
  A goblin (D:2)
1 creature vanquished.

Grand Total: 20 creatures vanquished

Notes
Turn   | Place    | Note
-------+----------+-------------------------------------------
     0 | D:1      | Ijustatesigmund the Octopode Artificer began the quest for the Orb.
     0 | D:1      | Reached XP level 1. HP: 13/13 MP: 3/3
   337 | D:1      | Reached XP level 2. HP: 18/19 MP: 4/4
   418 | D:1      | Reached skill level 1 in Shields
   655 | D:2      | Reached XP level 3. HP: 20/24 MP: 5/5
   954 | D:2      | HP: 1/25 [poisoned by an adder]
   960 | D:2      | HP: 1/25 [poisoned by an adder]
   966 | D:1      | Succumbed to an adder's poison

Vault maps used:
D:1:      enne_arrival_octagon_isle
D:2:      serial_co_window_serial, co_window_paths_b, co_window_paths_a,
          co_window_corner_a, co_window_paths_a, co_window_of_opportunity_a,
          co_window_broadway_b, co_window_broadway_b, co_window_unsneaky_path_e,
          co_window_of_opportunity_c, co_window_of_opportunity_b,
          co_window_2corner, glass_columns_a, first_bread

Skill      XL: |  1  2  3 |
---------------+----------+-----
Shields        | 1 2 |  2.0
Fighting       | 2 |  2.6
Short Blades   | |  1.0
Dodging        | |  2.0
Stealth        | |  1.3
Evocations     | |  3.2

Action                   || total
-------------------------++-------
Melee: Short sword       ||    20
       Constrict         ||    12
       Tentacles         ||     6
       Dagger            ||    21
Evoke: Wand              ||     1
  Use: Scroll            ||     3
       Potion            ||     1
 Stab: Sleeping          ||     5
Armor: Skin              ||     4
Dodge: Dodged            ||    27
Block: Buckler           ||     3

Table legend:
 A = Spawn XP
 B = Non-spawn XP
 C = Spawn XP percentage of total XP
 D = Spawn monster count
 E = Non-spawn monster count
 F = Spawn count percentage of total count
 G = Total turns spent on level
                    A         B        C        D         E        F      G
               +---------+---------+-------+---------+---------+-------+---------
         Total |       0 |      69 |   0.0 |       0 |      19 |   0.0 |   966
               +---------+---------+-------+---------+---------+-------+---------
           D:1 |       0 |      17 |   0.0 |       0 |      11 |   0.0 |   649
           D:2 |       0 |      52 |   0.0 |       0 |       8 |   0.0 |   317
               +---------+---------+-------+---------+---------+-------+---------
